 Dungeon Crawl Stone Soup version 0.31.0-32-g396128a36d (webtiles) character file.

Game seed: 4860223106663645277

71 viagra the Conjurer (level 4, -2/24 HPs)
             Began as a Tengu Conjurer on Mar 26, 2024.
             Slain by Robin
             ... wielding a +0 spear
              (3 damage)
             ... on level 3 of the Dungeon.
             The game lasted 00:07:05 (2983 turns).

viagra the Conjurer (Tengu Conjurer)                Turns: 2983, Time: 00:07:06

Health: -2/24      AC:  3    Str:  8    XL:     4   Next: 24%
Magic:  1/9        EV: 12    Int: 20    God:
Gold:   73         SH:  0    Dex: 12    Spells: 7/8 levels left

rFire   . . .        f - +2 short sword (speed)
rCold   . . .        (no shield)
rNeg    . . .        a - +1 robe
rPois   .            (helmet restricted)
rElec   .            (no cloak)
rCorr   .            (no gloves)
SInv    .            (boots unavailable)
Will    .....        (no amulet)
Stlth   ++           (no ring)
HPRegen 0.24/turn    (no ring)
MPRegen 0.11/turn

%: acrobat
@: brilliant, about to teleport
A: beak, talons 3, acrobatic
a: no special abilities


You were on level 3 of the Dungeon.
You visited 1 branch of the dungeon, and saw 3 of its levels.

You collected 73 gold pieces.

Inventory:

Hand Weapons
 b - a +0 mace
 f - a +2 short sword of speed (weapon)
Armour
 a - a +1 robe (worn)
 c - a +0 ring mail
Magical Staves
 g - a staff of earth
Scrolls
 j - a scroll of identify
 k - 2 scrolls of torment
Potions
 d - a potion of haste {unknown}
 e - 2 potions of mutation


   Skills:
 + Level 0.1 Fighting
 - Level 2.1 Dodging
 - Level 2.0 Stealth
 * Level 2.8 Spellcasting
 + Level 6.8 Conjurations


You had 7 spell levels left.
You knew the following spells:

 Your Spells              Type           Power      Damage    Failure   Level
a - Magic Dart            Conj           100%       1d8       1%          1

Your spell library contained the following spells:

 Spells                   Type           Power      Damage    Failure   Level
 Searing Ray              Conj           90%        2d7       1%          2
 Fulminant Prism          Conj/Alch      12%        3d9       34%         4
 Iskenderun's Mystic Bla  Conj/Tloc      24%        2d7       34%         4


Dungeon Overview and Level Annotations

Branches:
Dungeon (3/15)

Altars:
Qazlal

Annotations:
D:3 Robin


Innate Abilities, Weirdness & Mutations

You have a beak for a mouth.
You have claws for feet.
You can magically evade attacks while moving or waiting.


Message History

You kill the goblin!
The goblin barely misses you. Robin throws the goblin at you!
The goblin closely misses you.
Aiming: Magic Dart (safe; 1% risk of failure)
Press: ? - help, Q - select action Shift-Dir - straight line The magic dart hits the goblin.
You kill the goblin!
The goblin hits you with a +0 dagger. The goblin misses you.
Unknown command.
The goblin closely misses you.
Items here: )) ††.
The goblin hits you with a +0 club.
* * * LOW HITPOINT WARNING * * *
Aiming: Magic Dart (safe; 1% risk of failure)
Press: ? - help, Q - select action Shift-Dir - straight line, f - goblin
Aim: a goblin, wielding a +0 dagger (strong, 100% to hit)
The magic dart hits the goblin!
You kill the goblin!
The goblin hits you with a +0 club.
* * * LOW HITPOINT WARNING * * *
Aiming: Magic Dart (safe; 1% risk of failure)
Press: ? - help, Q - select action Shift-Dir - straight line, f - goblin
Aim: a goblin, wielding a +0 club (strong, 100% to hit)
The magic dart hits the goblin.
You kill the goblin!
You feel clever all of a sudden. Robin hits you but does no damage.
Aiming: Magic Dart (safe; 1% risk of failure)
Press: ? - help, Q - select action Shift-Dir - straight line, f - Robin
Aim: Robin, wielding a +0 spear, wearing a +0 animal skin and wearing a +0 helmet (100% to hit)
You feel a surge of power!
The magic dart hits Robin.
Robin is lightly wounded.
Robin hits you from afar with a +0 spear.
* * * LOW HITPOINT WARNING * * *
You don't have enough magic to cast this spell.
As you read the scroll labelled AHAJIO NOYRY, it crumbles to dust.
You feel strangely unstable.
It was a scroll of teleportation.
Robin hits you from afar with a +0 spear.
You die...
Robin calls out, "Let's celebrate!
Time for a feast!"

,,,,,,,,* *,#####......####..#
,,,,,,#.###..................#
,,,,,,#.###.######..#######.##
,,,,,,#.###.######..# **+**
****,,......######..# **,,,**
****#.###.###.....# **,,,,,**
**,**#.###.###.#..## **,,,,,,,**
**,,,##.###.###...>####,,,,,,,,,*
,,,,,).))..)..g.@.....+,,,,,,,,,+
**,,,##.###.##)....####,,,,,,,,,*
**,**#.###.##.##.### **,,,,,,,**
*,**#.###.##.###### **,,,,,**
*,**..###.##.###### **,,,**
*,,,......##.###### **+**
******.#######.###### *,* ***
,,,* *.#######.###### *,* *,,
**,* *,* #.# **,***,*


You could see Robin.

Vanquished Creatures
  An adder (D:3)
  A ribbon worm (D:3)
  2 dart slugs (D:1)
  3 bats
  3 endoplasms
  3 giant cockroaches
  10 goblins (D:3)
  4 hobgoblins
  5 jackals (D:1)
  5 kobolds
  2 quokkas
  6 ball pythons
  2 frilled lizards
  3 rats
50 creatures vanquished.

Notes
Turn   | Place    | Note
-------+----------+-------------------------------------------
     0 | D:1      | viagra the Tengu Conjurer began the quest for the Orb.
     0 | D:1      | Reached XP level 1. HP: 10/10 MP: 4/4
   444 | D:1      | Reached XP level 2. HP: 15/15 MP: 1/6
   860 | D:1      | Reached skill level 6 in Conjurations
  1217 | D:2      | Reached XP level 3. HP: 15/19 MP: 4/7
  2272 | D:3      | Found a stormy altar of Qazlal.
  2827 | D:3      | Reached XP level 4. HP: 24/24 MP: 4/9
  2967 | D:3      | Noticed Robin
  2981 | D:3      | HP: 1/24 [Robin/+0 spear (5)]
  2983 | D:3      | Slain by Robin

Illustrated notes

Levels and vault maps discovered:
D:1:      dpeg_arrival_castle, layout_basic
D:2:      layout_basic, grunt_decor_arrowhead
D:3:      layout_loops_corners, grunt_qazlal_clouds, serial_shops,
          nicolae_square_shop, minmay_shallow_snake_nest, uniq_robin

Skill      XL: |  1  2 |
---------------+-------+-----
Conjurations   | 6 |  6.8
Fighting       | |  0.1
Dodging        | |  2.1
Stealth        | |  2.0
Spellcasting   | |  2.8

Action                     |  1- 3 |  4- 6 || total
---------------------------+-------+-------++-------
  Melee: Unarmed           |     1 |       ||     1
         Short sword       |     9 |     3 ||    12
         Kick              |     1 |       ||     1
         Peck              |     1 |       ||     1
   Cast: Magic Dart        |    71 |    18 ||    89
    Use: Potion            |     1 |     1 ||     2
         Scroll            |     5 |     3 ||     8
 Armour: Robe              |    12 |    14 ||    26
  Dodge: Dodged            |    18 |    14 ||    32
